 Dungeon Crawl Stone Soup version 0.29-a0-1042-g87b1fcd763 (webtiles) character file.

Game seed: 15503854598246946466

352 polve the Agent of Entropy (level 6, -3/47 HPs)
             Began as a Demonspawn Abyssal Knight on Aug 15, 2022.
             Was a Priest of Lugonu.
             Slain by a gnoll
             ... wielding a +0 spear
             ... led by a gnoll bouda
              (5 damage)
             ... on level 4 of the Dungeon.
             The game lasted 00:04:14 (5249 turns).

polve the Agent of Entropy (DsAK)                   Turns: 5249, Time: 00:04:15

Health: -3/47      AC:  7    Str: 16      XL:     6   Next: 35%
Magic:  0/10       EV:  9    Int: 11      God:    Lugonu [***...]
Gold:   140        SH:  0    Dex: 12 (13) Spells: 5/5 levels left

rFire   + . .      SeeInvis .   a - +1 hand axe
rCold   . . .      Faith    .   (no shield)
rNeg    . . .      Spirit   +   t - +0 scale mail
rPois   .          Reflect  .   (no helmet)
rElec   .          Harm     .   (no cloak)
rCorr   .          Rampage  .   (no gloves)
Will    .....                   d - +0 pair of boots
Stlth   ..........              m - amulet of guardian spirit
HPRegen 0.15/turn               u - ring of protection from fire
MPRegen 0.12/turn               (no ring)

@: mighty, brilliant, weakened, unable to read
A: powered by death 1, weakness stinger 1, inability to read after injury 1
a: Renounce Religion, Depart the Abyss, Bend Space, Banish


You were on level 4 of the Dungeon.
You worshipped Lugonu.
Lugonu was most pleased with you.
You visited 1 branch of the dungeon, and saw 4 of its levels.
You visited the Abyss 1 time.

You collected 140 gold pieces.

Inventory:

Hand Weapons
 a - a +1 hand axe (weapon)
Armour
 b - a +0 leather armour
 d - a +0 pair of boots (worn)
 t - a +0 scale mail (worn)
Jewellery
 m - an amulet of guardian spirit (around neck)
 u - a ring of protection from fire (left hand)
Scrolls
 c - 2 scrolls of fog {unknown}
 f - a scroll of fear {unknown}
 i - a scroll of amnesia {unknown}
 j - a scroll of summoning {unknown}
 l - 2 scrolls of enchant weapon {unknown}
 n - a scroll of teleportation {unknown}
 o - 3 scrolls of blinking {unknown}
 q - a scroll of brand weapon {unknown}
 s - 5 scrolls of identify {unknown}
Potions
 e - a potion of heal wounds
 h - a potion of flight
 r - a potion of mutation


   Skills:
 - Level 3.0 Fighting
 * Level 5.2 Axes
 - Level 1.7 Armour
 - Level 0.8 Dodging
 + Level 5.4 Invocations


You had 5 spell levels left.
You didn't know any spells.
Your spell library was empty.

Dungeon Overview and Level Annotations

Branches:
Dungeon (4/15)
 Temple: D:4-7

Altars:
Gozag
Makhleb
Trog


Innate Abilities, Weirdness & Mutations

You regenerate a little health from kills.
You have a small tail.
You occasionally lose the ability to read scrolls when taking damage.


Message History

The gnoll is no longer moving quickly.
The gnoll bouda gazes fiercely through you!
You feel as though you will be weak longer.
The endoplasm jiggles.
The gnoll hits you from afar with a +0 halberd!
You feel threatened and lose the ability to read scrolls!
The gnoll hits you but does no damage.
The gnoll hits you from afar with a +0 halberd.
* * * LOW HITPOINT WARNING * * *
You can read scrolls again.
Your attacks no longer feel as feeble.
The gnoll hits you from afar with a +0 halberd!
You feel threatened and lose the ability to read scrolls!
* * * LOW HITPOINT WARNING * * *
You can read scrolls again.
The gnoll bouda barks out a call to the hunt!
The gnoll picks up the pace!
It was a potion of might.
You feel very mighty all of a sudden.
The gnoll is no longer moving quickly.
The gnoll hits you from afar with a +0 halberd!
You feel threatened and lose the ability to read scrolls!
* * * LOW HITPOINT WARNING * * *
The gnoll bouda barks out a call to the hunt!
The gnoll picks up the pace!
The gnoll bouda gazes fiercely through you!
You feel your attacks grow feeble.
You hit the gnoll but do no damage. The gnoll hits you with a +0 halberd.
The gnoll bouda gazes fiercely through you!
You feel as though you will be weak longer.
You hit the gnoll.
Your tail-slap misses the gnoll.
The gnoll is moderately wounded.
The gnoll hits you but does no damage.
You hit the gnoll.
The gnoll is severely wounded.
The gnoll closely misses you.
You hit the gnoll but do no damage.
The gnoll is severely wounded.
The gnoll hits you from afar with a +0 spear.
You die...

#.....†..# #.# #..# #.....####
#.# ##.# #.....# #.# #.##
#.....# #.# #..#
.#####.....#########.######.#
#...........'.>.......#....<..
#######.....#...........###.#.
#g....g..†..#........ #.#.
#.#####.....#@....... #.#.
#.#.......ggg........ #.##
#......#.####......... #.##
########.# #...........###.##
... ................## ##.##
#..........####### #..
..##'#.#. ....... #.. ... ....
####### #.. .. .. #.....


You could see 3 gnolls.

Vanquished Creatures
  2 phantoms (D:4)
  A gnoll bouda (D:4)
  5 gnolls (D:4)
  4 adders
  4 worms
  A dart slug (D:2)
  An orc (D:3)
  6 endoplasms
  3 giant cockroaches
  9 goblins
  4 hobgoblins
  5 jackals
  6 quokkas
  6 ball pythons
  7 bats
  2 frilled lizards (D:1)
  6 kobolds
  3 rats
75 creatures vanquished.

Notes
Turn   | Place    | Note
-------+----------+-------------------------------------------
     0 | Abyss:1  | polve the Demonspawn Abyssal Knight began the quest for the
                  | Orb.
     0 | Abyss:1  | Reached XP level 1. HP: 18/18 MP: 2/2
     0 | D:1      | Escaped the Abyss
   171 | D:1      | Reached ** piety under Lugonu
   426 | D:1      | Gained mutation: You have a small tail. [demonic ancestry]
   426 | D:1      | Reached XP level 2. HP: 23/24 MP: 4/4
   836 | D:1      | Found a faded altar of an unknown god.
  1250 | D:2      | Found a bloodstained altar of Trog.
  1340 | D:2      | Reached XP level 3. HP: 16/29 MP: 2/5
  2677 | D:3      | Found a burning altar of Makhleb.
  2677 | D:3      | Found an opulent altar of Gozag.
  2987 | D:3      | Reached XP level 4. HP: 26/35 MP: 4/6
  3779 | D:4      | Noticed a phantom
  3803 | D:4      | Killed a phantom
  3804 | D:4      | Gained mutation: You regenerate a little health from kills.
                  | [demonic ancestry]
  3804 | D:4      | Reached XP level 5. HP: 15/41 MP: 4/8
  4389 | D:4      | Noticed a phantom
  4440 | D:4      | Killed a phantom
  4441 | D:4      | Reached skill level 5 in Invocations
  4782 | D:4      | Reached XP level 6. HP: 38/47 MP: 6/9
  4789 | D:4      | Reached skill level 5 in Axes
  4802 | D:4      | HP: 1/47 [gnoll/+0 flail[a gnoll bouda] (3)]
  4803 | D:4      | Gained mutation: You occasionally lose the ability to read
                  | scrolls when taking damage. [potion of mutation]
  5183 | D:4      | Reached *** piety under Lugonu
  5244 | D:4      | HP: 2/47 [gnoll/+0 halberd[a gnoll bouda] (8)]
  5249 | D:4      | Slain by a gnoll

Illustrated notes

Levels and vault maps discovered:
D:1:      tarquinn_simple_flora_water_b, layout_loops_corners,
          basic_ecumenical_altar
D:2:      layout_basic, basic_altar
D:3:      layout_basic, mainiacjoe_overflow_divided_tiny
D:4:      layout_basic

Skill      XL: |  1  2  3  4  5  6 |
---------------+-------------------+-----
Axes           | 2 3 4 5 |  5.2
Invocations    | 3 4 5 |  5.4
Fighting       | |  3.0
Armour         | |  1.7
Dodging        | |  0.8

Action                   |  1- 3 |  4- 6 || total
-------------------------+-------+-------++-------
Melee: Hand axe          |   147 |   155 ||   302
       Tailslap          |    19 |    22 ||    41
       Punch             |     2 |     2 ||     4
Invok: Depart the Abyss  |     1 |       ||     1
  Use: Potion            |       |    11 ||    11
 Stab: Invisible         |       |     4 ||     4
       Sleeping          |       |     1 ||     1
Armor: Leather armour    |    32 |       ||    32
       Scale mail        |    29 |    58 ||    87
Dodge: Dodged            |    89 |    85 ||   174

Table legend: (Time is in decaauts)
 A = Elapsed time spent in this place.
 B = Non-inter-level travel time spent in this place.
 C = Inter-level travel time spent in this place.
 D = Time resting spent in this place.
 E = Time spent auto-exploring this place.
 F = Levels seen in this place.
 G = Mean time per level.
                   A        B        C        D        E       F      G
               +--------+--------+--------+--------+--------+-----+--------+
         Total |   5285 |   5210 |     75 |      0 |   4549 |   5 | 1057.0 |
       Dungeon |   5285 |   5210 |     75 |      0 |   4549 |   4 | 1321.2 |
         Abyss |      0 |      0 |      0 |      0 |      0 |   1 |    0.0 |
               +--------+--------+--------+--------+--------+-----+--------+

Top non-repeatable levels by time:
     D:4: 1769 daAuts
     D:3: 1331 daAuts
     D:1: 1201 daAuts
     D:2: 982 daAuts
